 Dungeon Crawl Stone Soup version 0.23-a0-183-gf37f6fb (webtiles) character file.

14825 Merlin the Thaumaturge (level 12, -7/89 HPs)
             Began as a Gnoll Wizard on Sept 20, 2018.
             Was a Priest of Ashenzari.
             Killed from afar by Josephine (14 damage)
             ... with a ghostly fireball
             ... on level 12 of the Dungeon on Sept 21, 2018.
             The game lasted 01:20:57 (18101 turns).

Merlin the Thaumaturge (Gnoll Wizard)              Turns: 18101, Time: 01:20:58

Health: -7/89      AC: 12    Str: 15    XL:     12   Next: 20%
Magic:  26/26      EV: 16    Int: 25    God:    Ashenzari [***...]
Gold:   645        SH:  0    Dex: 15    Spells: 11/31 levels left

rFire    . . .     SeeInvis +   N - +2 morningstar (curse)
rCold    . . .     Gourm    .   (no shield)
rNeg     . . .     Faith    .   Q - +0 steam dragon scales (curse)
rPois    .         Spirit   .   b - +0 hat
rElec    .         Reflect  .   x - +1 cloak
rCorr    .         Harm     .   j - +2 pair of gloves (curse)
MR       +....                  o - +0 pair of boots
Stlth    +++.......             (no amulet)
HPRegen  0.24/turn              J - +6 ring of strength (curse)
MPRegen  0.20/turn              y - ring of protection from magic (curse)

@: very slightly contaminated, slowed, heavily drained, very slow
A: distributed training, fangs 1, strong nose
a: Curse Item, Scrying, Renounce Religion


You were on level 12 of the Dungeon.
You worshipped Ashenzari.
Ashenzari was most pleased with you.
You were not hungry.

You visited 2 branches of the dungeon, and saw 13 of its levels.

You collected 645 gold pieces.

Inventory:

Hand Weapons
 u - a +2 mace of holy wrath
 N - a cursed +2 morningstar (weapon)
Missiles
 f - 7 steel tomahawks (quivered)
 z - 239 arrows
Armour
 b - a +0 hat (worn)
 j - a cursed +2 pair of gloves (worn)
 o - a +0 pair of boots (worn)
 v - a +0 troll leather armour
 x - a +1 cloak (worn)
 Q - cursed +0 steam dragon scales (worn)
Jewellery
 r - an uncursed ring of positive energy
 y - a cursed ring of protection from magic (right hand)
 J - a cursed +6 ring of strength (left hand)
 K - a +3 ring of evasion
Wands
 k - a wand of paralysis (10)
 L - a wand of flame (34)
 M - a wand of iceblast (7)
 O - a wand of polymorph (9)
Scrolls
 a - a scroll of identify
 e - a scroll of enchant armour
 g - 2 scrolls of blinking
 i - 2 scrolls of remove curse
 l - a scroll of enchant weapon
 m - a scroll of amnesia
 n - a scroll of fog
 D - a scroll of immolation
 F - a scroll of fear
 I - a scroll of brand weapon {unknown}
Potions
 h - a potion of resistance
 p - 2 potions of lignification
 q - 5 potions of curing
 s - 3 potions of haste
 t - a potion of mutation {unknown}
 A - a potion of ambrosia
 B - 2 potions of brilliance
 C - a potion of invisibility
 E - a potion of agility
 G - 2 potions of might
 P - a potion of degeneration {unknown}
Comestibles
 d - 15 rations


   Skills:
 + Level 6.9(5.3) Fighting
 + Level 6.9(5.3) Short Blades
 + Level 6.9(5.3) Long Blades
 + Level 6.9(5.3) Axes
 + Level 6.9(8.1) Maces & Flails
 + Level 6.9(5.3) Polearms
 + Level 6.9(5.3) Staves
 + Level 6.9(5.3) Slings
 + Level 6.9(5.3) Bows
 + Level 6.9(5.3) Crossbows
 + Level 6.9(5.3) Throwing
 + Level 6.9(5.3) Armour
 + Level 8.4(6.7) Dodging
 + Level 8.2(6.5) Stealth
 + Level 6.9(5.3) Shields
 + Level 6.9(5.3) Unarmed Combat
 + Level 10.0(8.2) Spellcasting
 + Level 6.2(6.4) Conjurations
 + Level 5.7(6.0) Hexes
 + Level 5.7(6.0) Charms
 + Level 6.2(6.4) Summonings
 + Level 5.7(6.0) Necromancy
 + Level 6.2(6.4) Translocations
 + Level 5.7(6.0) Transmutations
 + Level 5.7(6.0) Fire Magic
 + Level 5.7(6.0) Ice Magic
 + Level 5.7(6.0) Air Magic
 + Level 5.7(6.0) Earth Magic
 + Level 5.7(6.0) Poison Magic
 + Level 7.6(5.9) Invocations
 + Level 6.9(7.2) Evocations


You had 11 spell levels left.
You knew the following spells:

 Your Spells              Type           Power        Failure   Level  Hunger
a - Magic Dart            Conj           ####         1%          1    None
b - Blink                 Tloc           N/A          1%          2    None
c - Call Imp              Summ           #####...     1%          2    None
d - Conjure Flame         Conj/Fire      #####...     1%          3    None
e - Mephitic Cloud        Conj/Pois/Air  #####...     1%          3    None
f - Animate Dead          Necr           N/A          4%          4    ##.....
g - Fireball              Conj/Fire      #####.....   13%         5    ####...

Your spell library contained the following spells:

 Spells                   Type           Power        Failure   Level  Hunger
 Animate Skeleton         Necr           N/A          1%          1    None
 Beastly Appendage        Tmut           #####.       1%          1    None
 Flame Tongue             Conj/Fire      #####        1%          1    None
 Pain                     Necr           ####         1%          1    None
 Slow                     Hex            #####...     1%          2    None
 Sticks to Snakes         Tmut           #####...     1%          2    None
 Throw Flame              Conj/Fire      #####.       1%          2    None
 Inner Flame              Hex/Fire       #####...     1%          3    None
 Regeneration             Chrm/Necr      #####.....   1%          3    None
 Spider Form              Tmut/Pois      #####.....   1%          3    None
 Vampiric Draining        Necr           #####.....   1%          3    None
 Ice Form                 Ice/Tmut       #####...     4%          4    ##.....
 Sticky Flame             Conj/Fire      #####...     4%          4    ##.....
 Blade Hands              Tmut           #####.....   14%         5    ####...


Dungeon Overview and Level Annotations

Branches:
Dungeon (12/15)            Temple (1/1) D:4            Lair (0/6) D:9
    Orc (0/2) D:11

Altars:
Ashenzari
Cheibriados
Dithmenos
Elyvilon
Fedhas
Gozag
Hepliaklqana
Kikubaaqudgha
Makhleb
Nemelex Xobeh
Okawaru
Qazlal
Ru
Sif Muna
Trog
Uskayaw
Vehumet
Wu Jian
Xom
Yredelemnul
Zin
The Shining One
Beogh

Shops:
D:12 }

Annotations:
D:8 2 transporters, vogonpoet's ghost, novice TrWn
D:12 Josephine; Urug


Innate Abilities, Weirdness & Mutations

Your experience applies equally to all skills.
You have very sharp teeth.
Your uncanny sense of smell can sniff out nearby items.


Message History

Josephine is lightly wounded.
Josephine hits you with a dagger.
You sock Josephine!
Josephine is lightly wounded.
Josephine points at you and mumbles some strange words.
The ghostly flame explodes!
The ghostly fireball engulfs you!
You feel drained.
* * * LOW HITPOINT WARNING * * *
The ghostly fireball engulfs Josephine.
Josephine completely resists.
Josephine says, "I'll make a rug of your skin."
Josephine casts a spell at you.
The ghostly flame explodes!
The ghostly fireball engulfs you!
You feel drained.
* * * LOW HITPOINT WARNING * * *
The ghostly fireball engulfs Josephine.
Josephine completely resists.
Blink to where?
Press: ? - help, Dir - move target cursor, p - Josephine You are very lightly contaminated with residual magic.
As you read the scroll of blinking, it crumbles to dust.
Josephine casts a spell at you.
The ghostly flame explodes!
The ghostly fireball engulfs you!
You feel drained.
You die...

######## ######## #############
######## #.....#)[)(.# ########
#.#####.#.####### ########
#.......#.)..#... ########
#.#########.<#... WW...########
#...>.#..........
####....W..@###########.#.###....
###########.....@.......#...#....
######## #######.#########.##...
######## #...........##...
######## #.############...
######## #..รท........#####
######## ########'#### * #..# * ,
#.## ######### #.# *


You could see Josephine.

Vanquished Creatures
  3 death yaks (D:9)
  2 manticores
  Joseph (D:9)
  A gargoyle (D:11)
  A centaur skeleton (D:11)
  2 trolls
  2 hornets
  4 hippogriffs
  A wyvern (D:12)
  17 yaks
  A wraith (D:10)
  A steam dragon (D:11)
  2 vampire mosquitoes (D:9)
  Duvessa (D:7)
  3 porcupines (D:9)
  A black bear (D:6)
  2 sky beasts
  5 ice beasts
  3 orc warriors
  A necrophage (D:7)
  5 ogres
  A phantom (D:10)
  5 centaurs
  2 big kobolds
  2 crocodiles
  5 bullfrogs
  A wyvern skeleton (D:11)
  3 scorpions
  4 killer bees (D:9)
  5 wights
  4 crimson imps
  5 howler monkeys
  A quasit (D:12)
  3 centaur zombies
  3 hounds
  3 jellies
  7 orc priests
  12 orc wizards
  3 iguanas
  3 worker ants
  A hound skeleton (D:6)
  A worker ant zombie (D:11)
  2 howler monkey zombies
  A howler monkey skeleton (D:6)
  3 river rats (D:9)
  6 adders
  4 shadow imps
  2 adder zombies
  2 adder skeletons
  2 dart slugs (D:2)
  4 leopard geckos
  45 orcs
  4 ball pythons
  7 bats
  7 giant cockroaches
  11 goblins
  7 hobgoblins
  4 quokkas
  4 frilled lizards
  A jackal skeleton (D:4)
  18 kobolds
  A quokka skeleton (D:8)
  A quokka zombie (D:10)
  9 rats
278 creatures vanquished.

Vanquished Creatures (collateral kills)
  A two-headed ogre (D:8)
  An ugly thing (D:11)
  An orc warrior (D:11)
  An ice beast (D:5)
  2 ogres
  A centaur (D:7)
  A big kobold (D:7)
  2 scorpions
  Dowan (D:7)
  A wyvern skeleton (D:6)
  A wight (D:8)
  A howler monkey (D:6)
  A centaur zombie (D:7)
  A crimson imp (D:6)
  A hound (D:5)
  A jelly (D:11)
  An orc priest (D:12)
  A worker ant zombie (D:4)
  3 adders
  2 leopard geckos
  9 orcs
  A quokka (D:6)
  A giant cockroach zombie (D:5)
  A kobold (D:7)
37 creatures vanquished.

Grand Total: 315 creatures vanquished

Notes
Turn   | Place    | Note
-------+----------+-------------------------------------------
     0 | D:1      | Merlin the Gnoll Wizard began the quest for the Orb.
     0 | D:1      | Reached XP level 1. HP: 13/13 MP: 8/8
   289 | D:1      | Reached XP level 2. HP: 19/19 MP: 8/10
   299 | D:1      | Learned a level 2 spell: Blink
   302 | D:1      | Learned a level 2 spell: Call Imp
   702 | D:1      | Reached XP level 3. HP: 17/25 MP: 4/11
  1058 | D:2      | Learned a level 3 spell: Conjure Flame
  1062 | D:2      | Learned a level 3 spell: Mephitic Cloud
  1180 | D:2      | Reached skill level 1 in Invocations
  1768 | D:2      | Reached skill level 1 in Fighting
  1768 | D:2      | Reached skill level 1 in Short Blades
  1768 | D:2      | Reached skill level 1 in Long Blades
  1768 | D:2      | Reached skill level 1 in Axes
  1768 | D:2      | Reached skill level 1 in Maces & Flails
  1768 | D:2      | Reached skill level 1 in Polearms
  1768 | D:2      | Reached skill level 1 in Staves
  1768 | D:2      | Reached skill level 1 in Slings
  1768 | D:2      | Reached skill level 1 in Bows
  1768 | D:2      | Reached skill level 1 in Crossbows
  1768 | D:2      | Reached skill level 1 in Throwing
  1768 | D:2      | Reached skill level 1 in Armour
  1768 | D:2      | Reached skill level 1 in Shields
  1768 | D:2      | Reached skill level 1 in Unarmed Combat
  1768 | D:2      | Reached skill level 1 in Evocations
  2370 | D:2      | Reached XP level 4. HP: 30/32 MP: 13/13
  2976 | D:4      | Found a stormy altar of Qazlal.
  3040 | D:4      | Found a staircase to the Ecumenical Temple.
  3047 | Temple   | Entered the Ecumenical Temple
  3065 | Temple   | Became a worshipper of Ashenzari the Shackled
  3155 | D:4      | Reached skill level 1 in Hexes
  3155 | D:4      | Reached skill level 1 in Charms
  3155 | D:4      | Reached skill level 1 in Necromancy
  3155 | D:4      | Reached skill level 1 in Transmutations
  3155 | D:4      | Reached skill level 1 in Fire Magic
  3155 | D:4      | Reached skill level 1 in Ice Magic
  3155 | D:4      | Reached skill level 1 in Air Magic
  3155 | D:4      | Reached skill level 1 in Earth Magic
  3155 | D:4      | Reached skill level 1 in Poison Magic
  3302 | D:4      | Reached XP level 5. HP: 37/37 MP: 8/14
  4056 | D:5      | Entered Level 5 of the Dungeon
  4083 | D:5      | Reached XP level 6. HP: 44/44 MP: 14/16
  4116 | D:5      | Reached * piety under Ashenzari
  4273 | D:5      | Found a sacrificial altar of Ru.
  4325 | D:5      | Reached skill level 5 in Dodging
  4798 | D:5      | Noticed an ice beast
  4826 | D:5      | Killed an ice beast
  4826 | D:5      | Reached XP level 7. HP: 16/50 MP: 9/18
  6255 | D:6      | Reached skill level 5 in Stealth
  6444 | D:6      | Reached XP level 8. HP: 30/57 MP: 11/19
  7993 | D:7      | Reached ** piety under Ashenzari
  8196 | D:6      | Reached skill level 8 in Spellcasting
  8368 | D:7      | Found a white marble altar of Elyvilon.
  8694 | D:7      | Found a glowing golden altar of the Shining One.
  8755 | D:7      | Found an opulent altar of Gozag.
  9376 | D:7      | Noticed Duvessa
  9376 | D:7      | Noticed Dowan
  9386 | D:7      | Killed Dowan
  9392 | D:7      | Killed Duvessa
  9421 | D:7      | Reached XP level 9. HP: 31/65 MP: 14/21
  9593 | D:7      | Learned a level 4 spell: Ice Form
  9808 | D:8      | Noticed a hornet
  9814 | D:8      | Paralysed by a hornet for 1 turns
  9817 | D:8      | Killed a hornet
 10109 | D:8      | Noticed a two-headed ogre
 10118 | D:8      | Killed a two-headed ogre
 10259 | D:8      | Found a shadowy altar of Dithmenos.
 10263 | D:8      | Found a sparkling altar of Nemelex Xobeh.
 10284 | D:8      | Found a transporter.
 10290 | D:8      | Found a transporter.
 10299 | D:8      | Noticed vogonpoet's ghost (novice TrWn)
 10347 | D:8      | Found a hazy altar of Hepliaklqana.
 10859 | D:8      | Reached skill level 5 in Invocations
 11554 | D:9      | Noticed an enchanted hand axe
 11554 | D:9      | Noticed a dagger
 11555 | D:9      | Found a hide-covered altar of Uskayaw.
 11556 | D:9      | Reached XP level 10. HP: 59/73 MP: 22/22
 11938 | D:9      | Noticed Joseph
 11973 | D:9      | Reached skill level 5 in Fighting
 11973 | D:9      | Reached skill level 5 in Short Blades
 11973 | D:9      | Reached skill level 5 in Long Blades
 11973 | D:9      | Reached skill level 5 in Axes
 11973 | D:9      | Reached skill level 5 in Maces & Flails
 11973 | D:9      | Reached skill level 5 in Polearms
 11973 | D:9      | Reached skill level 5 in Staves
 11973 | D:9      | Reached skill level 5 in Slings
 11973 | D:9      | Reached skill level 5 in Bows
 11973 | D:9      | Reached skill level 5 in Crossbows
 11973 | D:9      | Reached skill level 5 in Throwing
 11973 | D:9      | Reached skill level 5 in Armour
 11973 | D:9      | Reached skill level 5 in Shields
 11973 | D:9      | Reached skill level 5 in Unarmed Combat
 11973 | D:9      | Reached skill level 5 in Evocations
 11993 | D:9      | Upgraded the game from 0.23-a0-182-g58cdd98 to
                  | 0.23-a0-183-gf37f6fb
 12399 | D:9      | Noticed a death yak
 12400 | D:9      | Noticed a death yak
 12415 | D:9      | Killed a death yak
 12415 | D:9      | Reached skill level 9 in Spellcasting
 12440 | D:9      | Killed a death yak
 12440 | D:9      | Reached skill level 5 in Conjurations
 12440 | D:9      | Reached skill level 5 in Summonings
 12440 | D:9      | Reached skill level 5 in Translocations
 12651 | D:9      | Found a staircase to the Lair.
 12652 | D:9      | Noticed a death yak
 13060 | D:9      | Found a basalt altar of Yredelemnul.
 13500 | D:9      | Killed Joseph
 13500 | D:9      | Reached XP level 11. HP: 49/81 MP: 16/24
 13782 | D:9      | Reached *** piety under Ashenzari
 13950 | D:9      | Killed a death yak
 14156 | D:10     | Entered Level 10 of the Dungeon
 14194 | D:10     | Learned a level 5 spell: Fireball
 14608 | D:10     | Reached skill level 5 in Hexes
 14608 | D:10     | Reached skill level 5 in Charms
 14608 | D:10     | Reached skill level 5 in Necromancy
 14608 | D:10     | Reached skill level 5 in Transmutations
 14608 | D:10     | Reached skill level 5 in Fire Magic
 14608 | D:10     | Reached skill level 5 in Ice Magic
 14608 | D:10     | Reached skill level 5 in Air Magic
 14608 | D:10     | Reached skill level 5 in Earth Magic
 14608 | D:10     | Reached skill level 5 in Poison Magic
 14958 | D:11     | Noticed a brown ugly thing
 14973 | D:11     | Killed a green ugly thing
 15993 | D:11     | Found a staircase to the Orcish Mines.
 16003 | D:11     | Noticed a manticore
 16008 | D:11     | Found a roughly hewn altar of Beogh.
 16187 | D:11     | Killed a manticore
 17196 | D:12     | Learned a level 4 spell: Animate Dead
 17238 | D:12     | Found Ytoetorch's Gadget Boutique.
 17238 | D:12     | Noticed a manticore
 17249 | D:12     | Killed a manticore
 17249 | D:12     | Reached XP level 12. HP: 15/89 MP: 16/25
 17719 | D:12     | Reached skill level 10 in Spellcasting
 17742 | D:12     | Noticed Urug
 18036 | D:12     | Noticed Josephine
 18101 | D:12     | Killed from afar by Josephine

Vault maps used:
D:1:      lemuel_arrival_funnel, minmay_shallow_snake_nest
D:4:      lemuel_crystal_altar, temple_green, first_ration,
          minmay_joined_circles
D:5:      kennysheep_mini_moat
D:6:      cheibrodos_barr_body
D:7:      lemuel_crystal_altar, kennysheep_mini, nicolae_overflow_crystal_walls,
          uniq_duvessa
D:8:      gammafunk_temple_overflow_statue, gammafunk_ghost_mausoleum,
          basic_altar
D:9:      dancing_weapons_uskayaw, overflow_temple_1_default,
          dpeg_lair_monsters, enter_bailey_3, uniq_joseph
D:11:     minmay_orc_entry_temple_small
D:12:     serial_shops, shop, uniq_urug, uniq_josephine, uniq_sonja
Temple:   cyrus_circular_temple

Skill      XL: |  1  2  3  4  5  6  7  8  9 10 11 12 |
---------------+-------------------------------------+-----
Conjurations   | 2 3 4 5 6 |  6.2
Summonings     | 2 3 4 5 6 |  6.2
Translocations | 2 3 4 5 6 |  6.2
Invocations    | 1 2 3 4 5 6 7 |  7.6
Fighting       | 1 2 3 4 5 6 |  6.9
Short Blades   | 1 2 3 4 5 6 |  6.9
Long Blades    | 1 2 3 4 5 6 |  6.9
Axes           | 1 2 3 4 5 6 |  6.9
Maces & Flails | 1 2 3 4 5 6 |  6.9
Polearms       | 1 2 3 4 5 6 |  6.9
Staves         | 1 2 3 4 5 6 |  6.9
Slings         | 1 2 3 4 5 6 |  6.9
Bows           | 1 2 3 4 5 6 |  6.9
Crossbows      | 1 2 3 4 5 6 |  6.9
Throwing       | 1 2 3 4 5 6 |  6.9
Armour         | 1 2 3 4 5 6 |  6.9
Shields        | 1 2 3 4 5 6 |  6.9
Unarmed Combat | 1 2 3 4 5 6 |  6.9
Evocations     | 1 2 3 4 5 6 |  6.9
Hexes          | 1 2 3 4 5 |  5.7
Charms         | 1 2 3 4 5 |  5.7
Necromancy     | 1 2 3 4 5 |  5.7
Transmutations | 1 2 3 4 5 |  5.7
Fire Magic     | 1 2 3 4 5 |  5.7
Ice Magic      | 1 2 3 4 5 |  5.7
Air Magic      | 1 2 3 4 5 |  5.7
Earth Magic    | 1 2 3 4 5 |  5.7
Poison Magic   | 1 2 3 4 5 |  5.7
Dodging        | 5 6 7 8 |  8.4
Stealth        | 5 6 7 8 |  8.2
Spellcasting   | 8 9 10 | 10.0

Action                   |  1- 3 |  4- 6 |  7- 9 | 10-12 || total
-------------------------+-------+-------+-------+-------++-------
Melee: Short sword       |    18 |       |       |       ||    18
       Bite              |     3 |    12 |    31 |    53 ||    99
       Hand axe          |    25 |     1 |       |       ||    26
       War axe           |       |   142 |   154 |       ||   296
       Punch             |       |       |     5 |    10 ||    15
       Unarmed           |       |       |    61 |   100 ||   161
       Morningstar       |       |       |    21 |   365 ||   386
 Cast: Magic Dart        |    55 |    68 |   102 |   141 ||   366
       Call Imp          |     2 |    20 |    58 |    20 ||   100
       Blink             |     1 |     1 |     8 |    17 ||    27
       Mephitic Cloud    |       |       |     2 |    11 ||    13
       Conjure Flame     |       |       |     1 |     9 ||    10
       Ice Form          |       |       |     6 |     7 ||    13
       Fireball          |       |       |       |     5 ||     5
       Animate Dead      |       |       |       |     2 ||     2
Invok: Curse Item        |       |       |     3 |     1 ||     4
       Scrying           |       |       |       |     2 ||     2
Evoke: Wand              |       |       |       |     2 ||     2
  Use: Scroll            |     2 |    13 |     4 |     8 ||    27
       Potion            |       |       |     2 |     4 ||     6
 Stab: Sleeping          |     2 |     4 |     6 |     5 ||    17
       Distracted        |       |       |     7 |     3 ||    10
       Confused          |       |       |       |    10 ||    10
  Eat: Chunk             |     3 |     8 |    15 |    13 ||    39
       Ration            |       |       |     2 |     3 ||     5
Armor: Robe              |     5 |       |    23 |    63 ||    91
       Leather armour    |     6 |    47 |    34 |       ||    87
       Skin              |       |       |    13 |    16 ||    29
       Steam dragon scal |       |       |       |    48 ||    48
Dodge: Dodged            |    47 |   110 |   255 |   343 ||   755

Table legend:
 A = Non-vault XP
 B = Vault XP
 C = Vault XP percentage of total XP
 D = Non-vault monster count
 E = Vault monster count
 F = Vault count percentage of total count
                 A         B        C        D         E       F
            +---------+---------+-------+---------+---------+-------
      Total |   16821 |    4358 |  20.6 |     268 |      47 |  14.9
            +---------+---------+-------+---------+---------+-------
        D:1 |      34 |       2 |   5.6 |      19 |       2 |   9.5
        D:2 |      47 |       0 |   0.0 |      20 |       0 |   0.0
        D:3 |      29 |       0 |   0.0 |      14 |       0 |   0.0
        D:4 |     183 |      23 |  11.2 |      16 |       5 |  23.8
        D:5 |     384 |       0 |   0.0 |      23 |       0 |   0.0
        D:6 |     532 |     430 |  44.7 |      12 |      11 |  47.8
        D:7 |     628 |     148 |  19.1 |      18 |       2 |  10.0
        D:8 |    2004 |       0 |   0.0 |      29 |       0 |   0.0
        D:9 |    2783 |    3485 |  55.6 |      29 |      16 |  35.6
       D:10 |    1893 |       0 |   0.0 |      22 |       0 |   0.0
       D:11 |    4600 |     270 |   5.5 |      41 |      11 |  21.2
       D:12 |    3704 |       0 |   0.0 |      25 |       0 |   0.0
            +---------+---------+-------+---------+---------+-------
